 Dungeon Crawl Stone Soup version 0.28-a0-998-gb9e9c7b67e (webtiles) character file.

Game seed: 6048355293602182688

11 Umoon the Insei (level 2, 22/22 HPs)
             Began as a Demonspawn Gladiator on Dec 6, 2021.
             Quit the game on level 1 of the Dungeon.
             The game lasted 00:00:42 (494 turns).

Umoon the Insei (Demonspawn Gladiator)               Turns: 494, Time: 00:00:43

Health: 22/22      AC:  4    Str: 14    XL:     2   Next: 13%
Magic:  2/2        EV: 12    Int:  9    God:
Gold:   10         SH:  0    Dex: 14    Spells: 1/1 levels left

rFire   . . .      SeeInvis .     - Unarmed
rCold   . . .      Faith    .   (no shield)
rNeg    . . .      Spirit   .   a - +0 leather armour
rPois   +          Reflect  .   b - +0 helmet
rElec   .          Harm     .   (no cloak)
rCorr   .          Rampage  .   (no gloves)
Will    .....                   (no boots)
Stlth   +.........              (no amulet)
HPRegen 0.07/turn               e - ring of poison resistance
MPRegen 0.16/turn               (no ring)

@: no status effects
A: magic regeneration
a: no special abilities


You were on level 1 of the Dungeon.
You visited 1 branch of the dungeon, and saw 1 of its levels.

You collected 10 gold pieces.

Inventory:

Missiles
 c - 3 throwing nets (quivered)
Armour
 a - a +0 leather armour (worn)
 b - a +0 helmet (worn)
Jewellery
 e - a ring of poison resistance (left hand)
Scrolls
 d - 2 scrolls of identify {unknown}
 g - 2 scrolls of fear {unknown}
Potions
 f - a potion of degeneration {unknown}
 h - a potion of invisibility {unknown}


   Skills:
 + Level 2.2 Fighting
 - Level 1.7 Throwing
 + Level 0.6 Armour
 + Level 2.8 Dodging
 + Level 2.8 Unarmed Combat


You had one spell level left.
You didn't know any spells.
Your spell library was empty.

Dungeon Overview and Level Annotations

Branches:
Dungeon (1/15)

Altars:


Innate Abilities, Weirdness & Mutations

You regenerate magic rapidly.


Message History

You hit the goblin.
You kill the goblin!
No target in view!
No target in view!
No target in view!
No target in view!
No target in view!
No target in view!
No target in view!
No target in view!
No target in view!
No target in view!
No target in view!
No target in view!
No target in view!
Things that are here:
a +0 club; a goblin corpse You open the door.
A rat comes into view.
A rat is nearby!
A rat is nearby!
A rat is nearby!
There is an open door here.
The rat misses you.
You hit the rat.
You kill the rat!
No target in view!
No target in view!
No target in view!
No target in view!
No target in view!
No target in view!
No target in view!
No target in view!
No target in view!
No target in view!
No target in view!
No target in view!
Unknown command.
Are you sure you want to abandon this character and quit the game? (Confirm with "yes".)

####### #.....## ###'###..#
##.....##.# #...@...#.#
#.......#.# ### #...#...#.#
#.. #.......#.# ##..
#.......#)## #...
##.....##..#######...
.....#######....##.....#. .##
#..............).........
.(.##........................


There were no monsters in sight!

Vanquished Creatures
  An endoplasm (D:1)
  2 giant cockroaches (D:1)
  A goblin (D:1)
  A hobgoblin (D:1)
  A kobold (D:1)
  A bat (D:1)
  3 rats (D:1)
10 creatures vanquished.

Notes
Turn   | Place    | Note
-------+----------+-------------------------------------------
     0 | D:1      | Umoon the Demonspawn Gladiator began the quest for the Orb.
     0 | D:1      | Reached XP level 1. HP: 16/16 MP: 1/1
   243 | D:1      | Gained mutation: You regenerate magic rapidly. [demonic
                  | ancestry]
   243 | D:1      | Reached XP level 2. HP: 13/22 MP: 2/2
   494 | D:1      | Quit the game

Illustrated notes

Levels and vault maps discovered:
D:1:      nzn_arrival_crosshair, layout_rooms,
          shapermc_ecumenical_altar_pompeii, moated_statue,
          minmay_misc_feat_four_crosses, kennysheep_flooded_box

Action                   || total
-------------------------++-------
Melee: Unarmed           ||    50
 Stab: Sleeping          ||     1
Armor: Leather armour    ||    17
Dodge: Dodged            ||    24

Table legend: (Time is in decaauts)
 A = Elapsed time spent in this place.
 B = Non-inter-level travel time spent in this place.
 C = Inter-level travel time spent in this place.
 D = Time resting spent in this place.
 E = Time spent auto-exploring this place.
 F = Levels seen in this place.
 G = Mean time per level.
                   A        B        C        D        E       F      G
               +--------+--------+--------+--------+--------+-----+--------+
         Total |    490 |    490 |      0 |      0 |    402 |   1 |  490.0 |
       Dungeon |    490 |    490 |      0 |      0 |    402 |   1 |  490.0 |
               +--------+--------+--------+--------+--------+-----+--------+

Top non-repeatable levels by time:
     D:1: 490 daAuts
